 Dungeon Crawl Stone Soup version 0.32-a0-42-ga30500b4d3 (webtiles) character file.

Game seed: 471231767625659820

63203 anacleto the Mimic (level 14, 0/205 HPs)
             Began as a Troll Shapeshifter on Jan 24, 2024.
             Was the Champion of the Shining One.
             Slain by a spriggan berserker
             ... wielding a +0 rapier
              (16 damage)
             ... on level 1 of the Depths on Jan 26, 2024.
             The game lasted 01:08:42 (19982 turns).

anacleto the Mimic (Troll Shapeshifter)            Turns: 19982, Time: 01:08:43

Health: 0/205      AC: 27    Str: 35    XL:     14   Next: 67%
Magic:  10/19      EV:  1    Int:  6    God:    the Shining One [******]
Gold:   566        SH:  5    Dex:  9    Spells: 13/13 levels left

rFire   . .          .
                       - Unarmed
rCold   . . .        (no shield)
rNeg    + + +        P - melded +0 acid dragon scales
rPois   +            (helmet currently unavailable)
rElec   +            H - melded +0 cloak of the Bespelled God {MP+9 Str+4}
rCorr   .            (gloves unavailable)
SInv    .            (boots unavailable)
Will    +....        N - amulet of reflection
Stlth   +            j - +5 ring of evasion
HPRegen 1.34/turn    k - ring "Fovvyase" {rElec rN+ Str+6}
MPRegen 0.16/turn

%: reflection
@: tree-form, glowing
A: stationary, stasis, torment immunity, boosted hp, large, unfitting armour,
(claws 3), regeneration 1, (shaggy fur 1), (tough skin 1)
a: Renounce Religion, Divine Shield, Cleansing Flame, Summon Divine Warrior,
Brand Weapon With Holy Wrath


You were on level 1 of the Depths.
You worshipped the Shining One.
The Shining One was exalted by your worship.
You were a tree.
You visited 5 branches of the dungeon, and saw 20 of its levels.
You also visited: Ossuary and Bailey.

You collected 2212 gold pieces.
You spent 1646 gold pieces at shops.

Inventory:

Missiles
 n - 49 poisoned darts
 y - 13 boomerangs (quivered)
 z - 24 large rocks
Armour
 H - the +0 cloak of the Bespelled God (melded) {MP+9 Str+4}
   (You found it in a bailey)

   Str+4:     It affects your strength (+4).
   MP+9:      It affects your magic capacity (+9).
 P - +0 acid dragon scales (melded)
Jewellery
 j - a +5 ring of evasion (left branch)
 k - the ring "Fovvyase" (right branch) {rElec rN+ Str+6}
   (You found it on level 7 of the Dungeon)

   [ring of strength]

   Str+6:     It affects your strength (+6).
   rElec:     It insulates you from electricity.
   rN+:       It protects you from negative energy.
 F - a ring of positive energy
 N - an amulet of reflection (around neck)
Talismans
 c - a beast talisman
 d - a flux talisman
 u - a serpent talisman (active)
Wands
 a - a wand of quicksilver (2)
 h - a wand of roots (5)
 x - a wand of paralysis (3)
 B - a wand of digging (2)
 M - a wand of mindburst (10)
 R - a wand of flame (23)
Scrolls
 q - 2 scrolls of enchant armour
 s - a scroll of poison
 t - 2 scrolls of silence
 v - 2 scrolls of fear
 A - 3 scrolls of vulnerability {unknown}
 T - 2 scrolls of noise
Potions
 b - a potion of lignification
 f - 13 potions of curing
 g - 2 potions of mutation
 o - a potion of magic {unknown}
 p - 3 potions of brilliance {unknown}
 w - 2 potions of attraction {unknown}
 C - 6 potions of might
 D - a potion of ambrosia


   Skills:
 + Level 8.4 Fighting
 + Level 8.6 Throwing
 + Level 8.2 Dodging
 + Level 10.1 Unarmed Combat
 + Level 8.5 Invocations
 * Level 14.9 Shapeshifting


You had 13 spell levels left.
You didn't know any spells.
Your spell library contained the following spells:

 Spells                   Type           Power      Damage    Failure   Level
 Magic Dart               Conj           0%         1d3       45%         1
 Slow                     Hex            0%         N/A       45%         1
 Blink                    Tloc           0%         N/A       58%         2
 Call Imp                 Summ           0%         N/A       58%         2
 Jinxbite                 Hex            0%         N/A       58%         2
 Lesser Beckoning         Tloc           0%         N/A       58%         2
 Momentum Strike          Conj/Tloc      0%         3d8       58%         2
 Searing Ray              Conj           0%         2d4       58%         2
 Sublimation of Blood     Necr           0%         N/A       58%         2
 Confusing Touch          Hex            0%         N/A       83%         3
 Sigil of Binding         Hex            0%         N/A       83%         3
 Vampiric Draining        Necr           0%         2d6       83%         3
 Fulminant Prism          Conj/Alch      0%         3d5       99%         4
 Yara's Violent Unravell  Hex/Alch       0%         3d3       100%        5
 Enfeeble                 Hex            0%         N/A       100%        7
 Summon Hydra             Summ           0%         N/A       100%        7


Dungeon Overview and Level Annotations

Branches:
Dungeon (15/15)            Temple (1/1) D:5            Lair (1/5) D:8
    Orc (2/2) D:10            Elf (0/3) Orc:2        Vaults (0/5) D:14
 Depths (1/4) D:15        Ossuary (visited)          Bailey (visited)

Altars:
Ashenzari
Cheibriados
Dithmenos
Elyvilon
Fedhas
Gozag
Hepliaklqana
Kikubaaqudgha
Makhleb
Nemelex Xobeh
Okawaru
Qazlal
Ru
Sif Muna
Trog
Uskayaw
Vehumet
Wu Jian
Xom
Yredelemnul
Zin
The Shining One

Shops:
D:4 (   D:5 !   D:10 (!=(   Orc:1 [:=*   Orc:2 *[([

Annotations:
D:7 1 runed translucent door, Crazy Yiuf
D:13 2 transporters


Innate Abilities, Weirdness & Mutations

You are a tree.
Your roots penetrate the ground, keeping you stationary.
You cannot be teleported.
You are immune to unholy pain and torment.
Your maximum health is greatly increased.
Your equipment is partially melded.
You are too large for most types of armour.
((You have claws for hands.))
Your natural rate of healing is unusually fast.
((You are covered in fur. (AC +1)))
((You have tough skin. (AC +1)))


Message History

The spriggan berserker hits you with a +0 rapier.
You lash the spriggan berserker!
Your grab misses the spriggan berserker.
The spriggan berserker is lightly wounded.
The spriggan berserker hits you with a +0 rapier!! x2
You body-slam the spriggan berserker!!
Your grab misses the spriggan berserker.
The spriggan berserker is heavily wounded.
The spriggan berserker hits you with a +0 rapier!!
* * * LOW HITPOINT WARNING * * *
You completely miss the spriggan berserker.
Your grab misses the spriggan berserker.
The spriggan berserker is moderately wounded.
The spriggan berserker barely misses you.
You closely miss the spriggan berserker.
You grab the spriggan berserker.
The spriggan berserker is moderately wounded.
You constrict the spriggan berserker!
The spriggan berserker hits you with a +0 rapier!
* * * LOW HITPOINT WARNING * * *
You lash the spriggan berserker!
The spriggan berserker is severely wounded.
You constrict the spriggan berserker.
The spriggan berserker hits you with a +0 rapier!
* * * LOW HITPOINT WARNING * * *
The spriggan berserker hits you with a +0 rapier.
* * * LOW HITPOINT WARNING * * *
Your transformation has ended.
The +0 cloak of the Bespelled God {MP+9 Str+4} unmelds from your body.
Your +0 acid dragon scales unmelds from your body.
You turn into a tree.
The +0 cloak of the Bespelled God {MP+9 Str+4} melds into your body.
Your +0 acid dragon scales melds into your body.
You feel your magic capacity decrease.
Your roots penetrate the ground.
You lose your grip on the spriggan berserker.
The spriggan berserker hits you with a +0 rapier!
* * * LOW HITPOINT WARNING * * *
You feel better.
The spriggan berserker hits you with a +0 rapier!
You die...

*,.........**#..#
*,,* *,..Q.....#*
#..# *,,*
*,*****#).####..#
*,,**** *,*
#........#
*,,,,,**** *,*
#........#
*,,,,**~,~ *,*
#..####..#
*,,,**~~,~
*.######..# #..#
*,,,*~~,,,
*.........# #i.#
*,,,',,,,,
*.........# #.♣#
*,,,*~~,,,
*#######..# #..#
*,,,**~~,~ #..#
#..# *,,,,**~,~
#..####..#
*,,,,,****
#........# *,,,***
#........# *,,,*
#..#.....# *,,,*
########....#...##
*,,,*
#..........###...#
*,,,*


You could see a spriggan berserker (berserk, regenerating, strong-willed).

Vanquished Creatures
  Saint Roka (Orc:2)
  A very ugly thing (Depths:1)
  An ettin (Orc:2)
  A quicksilver dragon zombie (D:15)
  An entropy weaver (shapeshifter) (D:12)
  A vault guard (D:14)
  3 hydras
  A rakshasa (D:15)
  An ogre mage (D:15)
  2 death knights (D:14)
  7 centaur warriors
  6 two-headed ogres
  2 boulder beetles
  A sphinx skeleton (D:15)
  3 tengu warriors
  2 orc high priests
  A flayed ghost (D:15)
  A sun moth (shapeshifter) (Depths:1)
  Lodul (D:11)
  4 skeletal warriors
  2 phantasmal warriors
  3 orc knights
  A deep elf pyromancer (D:13)
  12 ugly things
  3 manticores
  A necromancer (D:15)
  5 cyclopes
  4 orc sorcerers
  A meliai (D:13)
  4 kobold blastminers (Orc:2)
  A gargoyle (D:10)
  4 komodo dragons
  3 kobold demonologists
  An unseen horror (D:10)
  Psyche (D:8)
  2 tengu conjurers
  An efreet (D:13)
  3 trolls
  2 polar bears (D:8)
  Sigmund (D:2)
  2 centaur simulacra
  A spriggan skeleton (D:15)
  2 shadows
  A slime creature (D:13)
  2 wyverns
  2 spriggans (shapeshifter)
  4 wraiths
  An unseen horror simulacrum (D:8)
  30 yaks
  3 wargs
  A steam dragon (D:10)
  2 vampire mosquitoes (D:14)
  4 acid dragons
  2 water moccasins
  37 orc warriors
  2 black bears (D:6)
  3 ice beasts
  A sky beast (D:6)
  14 centaurs
  5 laughing skulls
  21 ogres
  A phantom (D:5)
  5 kobold brigands
  2 bullfrogs
  2 gnoll sergeants
  7 scorpions
  11 wights
  15 killer bees
  3 electric eels (D:8)
  5 howler monkeys
  A hound (D:4)
  4 jellies
  7 orc priests
  A gnoll bouda (D:6)
  2 iguanas
  A sleepcap (D:6)
  24 orc wizards
  A hound zombie (Ossuary)
  4 mummies (Ossuary)
  Robin (D:3)
  19 gnolls
  3 adders
  A shadow imp (D:6)
  3 white imps
  A howler monkey simulacrum (D:8)
  4 ufetubi
  An adder zombie (Ossuary)
  3 dart slugs
  2 ribbon worms
  81 orcs
  5 ball pythons
  5 endoplasms
  3 giant cockroaches
  14 goblins
  13 hobgoblins
  23 kobolds
  2 quokkas
  8 bats
  5 frilled lizards
  A gnoll zombie (Ossuary)
  3 goblin zombies (Ossuary)
  2 hobgoblin zombies (Ossuary)
  2 kobold zombies (Ossuary)
  3 rats
  2 rat zombies (Ossuary)
542 creatures vanquished.

Vanquished Creatures (others)
  An orc wizard (D:11)
1 creature vanquished.

Grand Total: 543 creatures vanquished

Notes
Turn   | Place    | Note
-------+----------+-------------------------------------------
     0 | D:1      | anacleto the Troll Shapeshifter began the quest for the
                  | Orb.
     0 | D:1      | Reached XP level 1. HP: 18/18 MP: 0/0
    83 | D:1      | Reached skill level 1 in Fighting
   148 | D:1      | Reached XP level 2. HP: 27/27 MP: 1/1
   378 | D:1      | Reached XP level 3. HP: 33/33 MP: 2/2
   509 | D:2      | Upgraded the game from 0.32-a0-38-gb04dd89b9b to
                  | 0.32-a0-42-ga30500b4d3
   789 | D:2      | Reached XP level 4. HP: 18/41 MP: 3/3
   922 | D:2      | Noticed Sigmund
   940 | D:2      | Killed Sigmund
   941 | D:2      | Reached skill level 4 in Shapeshifting
   941 | D:2      | Reached XP level 5. HP: 48/49 MP: 4/4
  1030 | D:3      | Reached XP level 6. HP: 52/57 MP: 5/5
  1061 | D:3      | Noticed Robin
  1099 | D:3      | Killed Robin
  1712 | D:4      | Reached skill level 5 in Shapeshifting
  1886 | D:4      | Found Ahuhuec's Weapon Shop.
  1982 | D:4      | Reached XP level 7. HP: 63/66 MP: 6/6
  2238 | D:4      | Found a burning altar of Makhleb.
  2307 | D:5      | Entered Level 5 of the Dungeon
  2340 | D:5      | Reached skill level 6 in Shapeshifting
  2567 | D:5      | Found a staircase to the Ecumenical Temple.
  2629 | D:5      | Found Pabos's Distillery.
  2638 | D:5      | Bought a potion of berserk rage for 70 gold pieces
  2638 | D:5      | Bought a potion of curing for 42 gold pieces
  2638 | D:5      | Bought a potion of might for 56 gold pieces
  2638 | D:5      | Bought a potion of heal wounds for 70 gold pieces
  2865 | Temple   | Entered the Ecumenical Temple
  2883 | Temple   | Became a worshipper of the Shining One
  3156 | D:6      | Reached skill level 7 in Shapeshifting
  3199 | D:6      | Reached XP level 8. HP: 44/74 MP: 7/7
  3291 | D:6      | Reached skill level 8 in Shapeshifting
  3373 | D:6      | Found a broken altar of Ashenzari.
  3428 | D:6      | Reached skill level 9 in Shapeshifting
  3468 | D:6      | Found a sand-covered staircase.
  3473 | Ossuary  | Entered an ossuary
  3473 | Ossuary  | Reached * piety under the Shining One
  3510 | Ossuary  | Reached ** piety under the Shining One
  3707 | D:6      | Reached skill level 1 in Invocations
  4350 | D:6      | Reached skill level 1 in Throwing
  4350 | D:6      | Reached XP level 9. HP: 75/80 MP: 9/9
  4622 | D:7      | Found a snail-covered altar of Cheibriados.
  4852 | D:7      | Reached skill level 10 in Shapeshifting
  5108 | D:7      | Identified the ring "Fovvyase" {rElec rN+ Str+6}
  5139 | D:7      | Reached *** piety under the Shining One
  5143 | D:7      | Reached skill level 5 in Unarmed Combat
  5147 | D:7      | Found a shimmering altar of Xom.
  5147 | D:7      | Found a shimmering altar of Xom.
  5147 | D:7      | Found a shimmering altar of Xom.
  5153 | D:7      | Noticed a kobold demonologist
  5159 | D:7      | Killed a kobold demonologist
  5288 | D:7      | Found a shimmering altar of Xom.
  5288 | D:7      | Found a shimmering altar of Xom.
  5384 | D:7      | Found a runed translucent door.
  5385 | D:7      | Noticed Crazy Yiuf
  5558 | D:8      | Found a staircase to the Lair.
  5610 | D:8      | Found a flagged portal.
  5657 | Bailey   | Entered a bailey
  5977 | Bailey   | Reached XP level 10. HP: 62/92 MP: 11/11
  6164 | Bailey   | Identified the +0 cloak of the Bespelled God {MP+9 Str+4}
  6167 | Bailey   | Identified the +3 plate armour of the Big Bang {Str+3 Dex-5
                  | Stlth+}
  6325 | D:8      | Noticed Psyche
  6327 | D:8      | Killed Psyche
  6381 | D:8      | Found an ornate altar of the Wu Jian Council.
  6429 | D:8      | Found a shimmering blue altar of Sif Muna.
  7297 | D:9      | Found a glowing silver altar of Zin.
  7476 | D:9      | Reached skill level 11 in Shapeshifting
  7534 | D:9      | Reached **** piety under the Shining One
  7748 | D:9      | Found a blossoming altar of Fedhas.
  7781 | D:9      | Found an ancient bone altar of Kikubaaqudgha.
  7879 | D:9      | Found a shadowy altar of Dithmenos.
  7881 | D:9      | Found a hazy altar of Hepliaklqana.
  7991 | D:10     | Entered Level 10 of the Dungeon
  8049 | D:10     | Reached XP level 11. HP: 87/101 MP: 13/13
  8062 | D:10     | Reached skill level 5 in Dodging
  8095 | D:10     | Found Lawub's Antique Weapon Shoppe.
  8131 | D:10     | Found a staircase to the Orcish Mines.
  8181 | D:10     | Reached skill level 5 in Fighting
  8293 | D:10     | Found Gabosch's Jewellery Boutique.
  8296 | D:10     | Bought an amulet of reflection for 390 gold pieces
  8456 | D:10     | Found Ceneeros's Distillery.
  8464 | D:10     | Bought a potion of might for 48 gold pieces
  8555 | D:10     | Found Vouqy's Antique Weapon Boutique.
  8690 | D:10     | Reached skill level 5 in Invocations
  8790 | D:10     | Reached skill level 5 in Throwing
  8937 | D:11     | Noticed Lodul
  8944 | D:11     | Killed Lodul
  8945 | D:11     | Reached skill level 12 in Shapeshifting
  9294 | D:11     | Noticed a boulder beetle
  9316 | D:11     | Killed a boulder beetle
  9632 | D:12     | Reached XP level 12. HP: 113/113 MP: 15/15
  9634 | D:12     | Noticed a centaur warrior
  9643 | D:12     | Killed a centaur warrior
  9737 | D:12     | Noticed an entropy weaver
  9748 | D:12     | Killed an entropy weaver
  9912 | D:10     | Bought 2 potions of haste for 240 gold pieces
  9912 | D:10     | Bought a potion of curing for 36 gold pieces
 10606 | D:13     | Noticed a centaur warrior
 10625 | D:12     | Killed a centaur warrior
 10765 | Orc:1    | Entered Level 1 of the Orcish Mines
 10958 | Orc:1    | Found Sibbosif's Book Boutique.
 10958 | Orc:1    | Found Ateogool's Jewellery Shoppe.
 11422 | Orc:1    | Found Poriri's Assorted Antiques.
 11614 | Orc:1    | Bought a +5 ring of evasion for 396 gold pieces
 11675 | Orc:2    | Entered Level 2 of the Orcish Mines
 11729 | Orc:2    | Found a staircase to the Elven Halls.
 11843 | Orc:1    | Bought a scroll of identify for 34 gold pieces
 11923 | Orc:2    | Noticed an ettin
 11939 | Orc:2    | Killed an ettin
 12089 | Orc:1    | Bought a scroll of identify for 34 gold pieces
 12089 | Orc:1    | Identified a scroll of acquirement
 12091 | Orc:1    | Acquired 396 gold pieces
 12240 | Orc:1    | Bought a scroll of teleportation for 51 gold pieces
 12240 | Orc:1    | Bought a potion of curing for 51 gold pieces
 12240 | Orc:1    | Bought a scroll of teleportation for 51 gold pieces
 12240 | Orc:1    | Bought a potion of lignification for 51 gold pieces
 12392 | Orc:2    | Found Jyniepn's Armour Boutique.
 12465 | Orc:2    | Reached skill level 13 in Shapeshifting
 12721 | Orc:1    | Found Kumy's Armour Shop.
 12789 | Orc:2    | Paralysed by an orc sorcerer for 5 turns
 13408 | Orc:2    | Noticed an orc high priest
 13660 | Orc:2    | Noticed an orc high priest
 13677 | Orc:2    | Reached XP level 13. HP: 123/123 MP: 17/17
 13697 | Orc:2    | Noticed Saint Roka
 13861 | Orc:2    | Found Rusch's General Store.
 13867 | Orc:2    | Bought a scroll of identify for 26 gold pieces
 14172 | Orc:2    | Killed Saint Roka
 14286 | Orc:2    | Found Vakyime's Antique Weapon Shop.
 14289 | Orc:2    | Found Zuagan's Antique Armour Boutique.
 14560 | D:13     | Found a transporter.
 14651 | D:13     | Identified the +4 glaive of Sharkskin {freeze, rElec rC++
                  | Int-5 Dex+3}
 14987 | D:13     | Reached ***** piety under the Shining One
 14991 | D:13     | Found a transporter.
 14991 | D:13     | Found a transporter.
 15105 | D:13     | You fall into a shaft and drop 2 floors!
 15105 | D:15     | Entered Level 15 of the Dungeon
 15381 | D:13     | Found a transporter.
 15750 | D:13     | Reached skill level 14 in Shapeshifting
 16436 | D:14     | Found a gate to the Vaults.
 16887 | D:14     | Found the +10 morningstar "Eos" {elec, Halo rElec}
 16953 | D:14     | Reached XP level 14. HP: 104/135 MP: 18/18
 17873 | D:15     | Found a staircase to the Depths.
 18451 | D:15     | Reached skill level 10 in Unarmed Combat
 19362 | Lair:1   | Entered Level 1 of the Lair of Beasts
 19474 | Depths:1 | Entered Level 1 of the Depths
 19478 | Depths:1 | Noticed a juggernaut
 19489 | Depths:1 | Noticed a sphinx
 19490 | Depths:1 | Paralysed by a sphinx for 5 turns
 19492 | Depths:1 | Noticed a fire giant
 19596 | Depths:1 | Noticed a cyan very ugly thing
 19596 | Depths:1 | Noticed a cyan very ugly thing
 19596 | Depths:1 | Reached ****** piety under the Shining One
 19596 | Depths:1 | Noticed a cyan very ugly thing
 19596 | Depths:1 | Noticed a cyan very ugly thing
 19604 | Depths:1 | Noticed a brown very ugly thing
 19604 | Depths:1 | Noticed a brown very ugly thing
 19604 | Depths:1 | Noticed a brown very ugly thing
 19619 | Depths:1 | Killed a red very ugly thing
 19649 | Depths:1 | Found a glowing golden altar of the Shining One.
 19981 | Depths:1 | HP: 4/205 [spriggan berserker/+0 rapier (12)]
 19982 | Depths:1 | Slain by a spriggan berserker

Illustrated notes

Levels and vault maps discovered:
D:1:      erik_arrival_orb_chamber, layout_rooms,
          chequers_serial_rivers_micro_d, minmay_pentomino_o4
D:2:      layout_rooms, amcnicky_mini_corridor_feature, uniq_sigmund
D:3:      layout_loops_ring, uniq_robin
D:4:      layout_cave_pools, lightli_temple_of_fire, serial_shops, shop
D:5:      layout_basic, minmay_temple_entry_enclosed_plants, serial_shops, shop
D:6:      layout_basic, overflow_temple_1_default, nicolae_ossuary_entry_plus,
          grunt_ministairs_2
D:7:      layout_loops_ring, lemuel_doored_altar, xom_shifter_show,
          chequers_avenue, uniq_crazy_yiuf_cottage
D:8:      layout_cave_pods, nicolae_sif_muna_condensation,
          nzn_wu_jian_contemplation, lair_entry_dummy, serial_ice, serial_ice_a,
          serial_ice_b, serial_ice_k, serial_ice_h, enter_bailey_5, uniq_psyche
D:9:      layout_loops_ring, riverfiend_overflow_shadow_ancestor,
          mainiacjoe_overflow_chevrons, general_overflow_altar,
          nicolae_overflow_crystal_walls
D:10:     layout_roguey, orc_0_dummy, serial_shops, shop, nicolae_diamond_shop,
          shop, nicolae_shop_pleasant_corner_grove
D:11:     layout_rooms, lemuel_flamethrower_1, uniq_lodul
D:12:     minmay_chambers_of_sixes, layout_irregular_city
D:13:     minmay_chambers_of_sevens, layout_basic, grunt_ministairs_14,
          nicolae_diode_intersection
D:14:     layout_gridville, david_vaults_4, serial_park_tiny_1, abandoned_shop,
          onia_ninara_dug_in_and_dangerous
D:15:     gammafunk_depths_entry_grave, layout_long_grid
Temple:   hellmonk_temple_of_storms
Lair:1:   kb_forest_paths, layout_chaotic_city
Orc:1:    layout_diamond_mine, serial_shops, shop, shop, shop,
          nicolae_square_shop
Orc:2:    grunt_orc_community_town_hall, layout_diamond_mine,
          grunt_orc_community_big_house_2, grunt_orc_community_big_house_2,
          grunt_orc_community_house_2, grunt_orc_community_house_1,
          grunt_orc_community_house_1, grunt_orc_community_house_2,
          grunt_orc_community_house_3, nicolae_orc_lava_room
Depths:1: layout_small_grid, hangedman_abyss_entry_splay,
          rand_demon_pan_entry_4, hell_entry, minivault_11, tso_oasis_becter,
          kennysheep_cross_landing, uniq_saint_roka

Skill      XL: |  1  2  3  4  5  6  7  8  9 10 11 12 13 14 |
---------------+-------------------------------------------+-----
Fighting       | 1 2 3 4 5 6 7 8 |  8.4
Dodging        | 2 3 4 5 6 7 8 |  8.2
Shapeshifting  | 4 5 7 9 10 11 12 13 14 | 14.9
Unarmed Combat | 4 5 6 7 8 9 10 | 10.1
Invocations    | 1 3 4 5 6 7 8 |  8.5
Throwing       | 1 2 4 5 6 7 8 |  8.6

Action                     |  1- 3 |  4- 6 |  7- 9 | 10-12 | 13-15 || total
---------------------------+-------+-------+-------+-------+-------++-------
  Melee: Unarmed           |    69 |   100 |   253 |   546 |   377 ||  1345
         Constrict         |       |       |    45 |   168 |    70 ||   283
         Punch             |       |       |     3 |       |     2 ||     5
  Throw: Boomerang         |       |       |     2 |       |       ||     2
 Invoke: Divine Shield     |       |       |     2 |     6 |     5 ||    13
Ability: Begin Untransform |     2 |       |     3 |     2 |       ||     7
  Evoke: Wand              |       |       |       |     1 |    20 ||    21
    Use: Scroll            |       |       |    14 |    11 |    11 ||    36
         Potion            |       |       |       |       |    16 ||    16
 Armour: Animal skin       |    73 |    62 |     3 |       |       ||   138
         Robe              |       |       |    95 |       |       ||    95
         Skin              |       |       |   147 |   374 |   334 ||   855
  Dodge: Dodged            |    31 |    48 |   183 |   268 |   246 ||   776
  Block: Other             |       |       |     8 |   109 |    93 ||   210
         Reflection        |       |       |       |    16 |    14 ||    30
   Form: Beast             |     2 |       |     2 |       |       ||     4
         Serpent           |       |       |     1 |     2 |       ||     3

Table legend: (Time is in decaauts)
 A = Elapsed time spent in this place.
 B = Non-inter-level travel time spent in this place.
 C = Inter-level travel time spent in this place.
 D = Time resting spent in this place.
 E = Time spent auto-exploring this place.
 F = Levels seen in this place.
 G = Mean time per level.
                   A        B        C        D        E       F      G
               +--------+--------+--------+--------+--------+-----+--------+
         Total |  19845 |  18272 |   1573 |   3758 |   8365 |  22 |  902.0 |
       Dungeon |  14842 |  13889 |    953 |   2345 |   7588 |  15 |  989.5 |
        Temple |     42 |     36 |      6 |      0 |      0 |   1 |   42.0 |
          Lair |      9 |      8 |      1 |      0 |      0 |   1 |    9.0 |
  Orcish Mines |   3622 |   3012 |    610 |   1014 |    689 |   2 | 1811.0 |
        Depths |    489 |    489 |      0 |    279 |      0 |   1 |  489.0 |
       Ossuary |    224 |    224 |      0 |      4 |     40 |   1 |  224.0 |
        Bailey |    614 |    614 |      0 |    114 |     48 |   1 |  614.0 |
               +--------+--------+--------+--------+--------+-----+--------+

Top non-repeatable levels by time:
    D:14: 1959 daAuts
   Orc:2: 1866 daAuts
   Orc:1: 1755 daAuts
    D:13: 1548 daAuts
    D:15: 1373 daAuts
     D:6: 1359 daAuts
    D:12: 1209 daAuts
     D:8: 1029 daAuts
    D:10: 940 daAuts
     D:9: 816 daAuts
     D:7: 811 daAuts
     D:5: 808 daAuts
    D:11: 693 daAuts
     D:3: 657 daAuts
     D:4: 647 daAuts
